 Dungeon Crawl Stone Soup version 0.17.0-8-gb983d21 (webtiles) character file.

4978 Rationalist the Nimble (level 10, -11/79 HPs)
             Began as a Demonspawn Berserker on Nov 9, 2015.
             Was a High Priest of Trog.
             Killed from afar by a deep elf mage (30 damage)
             ... with a shard of ice
             ... on level 9 of the Dungeon.
             The game lasted 00:15:32 (8223 turns).

Rationalist the Nimble (Demonspawn Berserker)       Turns: 8223, Time: 00:15:33

Health: -11/79     AC:  3    Str: 17    XL:     10   Next: 29%
Magic:  10/10      EV: 25    Int:  8    God:    Trog [*****.]
Gold:   48         SH:  0    Dex: 26    Spells: 0 memorised, 9 levels left

rFire  . . .     SeeInvis .     a - +1 hand axe
rCold  . . .     Clarity  +     b - +0 animal skin
rNeg   . . .     SustAt   .     (no shield)
rPois  +         Gourm    .     (helmet restricted)
rElec  .         Spirit   .     (no cloak)
rCorr  .         Warding  .     K - +0 pair of gloves {Dex+3}
rMut   .         Stasis   .     (no boots)
MR     .....                    p - amulet of regeneration
Stlth  ++++......               E - +6 ring of dexterity
                                C - +2 ring of evasion

@: not resistant to hostile enchantments, stealthy
A: hooves 1, horns 1, blurry vision 1, clarity, demonic guardian 1, poison
resistance, screaming 1, spiny 3, evolution 1
a: Berserk, Trog's Hand, Brothers in Arms, Burn Spellbooks, Renounce Religion


You were on level 9 of the Dungeon.
You worshipped Trog.
Trog was extremely pleased with you.
You were near starving.

You visited 1 branch of the dungeon, and saw 9 of its levels.

You collected 348 gold pieces.
You spent 300 gold pieces at shops.

Inventory:

Hand Weapons
 a - a +1 hand axe (weapon)
Missiles
 o - 45 poisoned needles
 v - 56 sling bullets
 w - 49 bolts
 H - 8 tomahawks (quivered)
Armour
 b - a +0 animal skin (worn)
 k - a +0 large shield
 I - a +1 helmet of intelligence
 K - a +0 pair of gloves of dexterity (worn)
Jewellery
 f - an uncursed amulet of resist corrosion
 m - an uncursed ring of see invisible {unknown}
 p - an amulet of regeneration (around neck)
 q - an uncursed amulet of stasis
 C - a +2 ring of evasion (left hand)
 E - a +6 ring of dexterity (right hand)
Wands
 e - a wand of hasting (6)
 A - a wand of digging (10)
 F - a wand of enslavement (0)
Scrolls
 d - 4 scrolls of enchant weapon
 h - 2 scrolls of recharging {unknown}
 j - 2 scrolls of teleportation
 s - 2 scrolls of magic mapping {unknown}
 t - 2 scrolls of holy word {unknown}
 u - a scroll of amnesia {unknown}
Potions
 g - 2 potions of magic
 i - 3 potions of curing
 l - a potion of lignification
 n - 2 potions of degeneration
 x - a potion of cancellation
 z - a potion of invisibility
Books
 y - a book of Unlife

   Spells                             Type                      Level
   a - Recall                         Summoning/Translocation      3
   b - Animate Dead                   Necromancy                   4
   c - Control Undead                 Necromancy                   4
   d - Cigotuvi's Embrace             Necromancy                   5
   e - Death Channel                  Necromancy                   6
   f - Simulacrum                     Ice/Necromancy               6
   Trog disapproves of the use of such an item.
 D - a book of Battle

   Spells                             Type                      Level
   a - Infusion                       Charms                       1
   b - Shroud of Golubria             Charms/Translocation         2
   c - Song of Slaying                Charms                       2
   d - Spectral Weapon                Hexes/Charms                 3
   e - Regeneration                   Charms/Necromancy            3
   Trog disapproves of the use of such an item.
 J - a Fen Folio

   Spells                             Type                      Level
   a - Corpse Rot                     Necromancy                   2
   b - Stone Arrow                    Conjuration/Earth            3
   c - Leda's Liquefaction            Hexes/Earth                  4
   d - Summon Forest                  Summoning/Translocation      5
   e - Hydra Form                     Transmutation                6
   f - Summon Hydra                   Summoning                    7
   Trog disapproves of the use of such an item.
Comestibles
 c - 8 bread rations
 r - 2 fruits
 B - a royal jelly
 G - 5 meat rations


   Skills:
 + Level 7.2 Fighting
 + Level 6.2 Axes
 + Level 2.0 Armour
 + Level 10.1 Dodging
 + Level 5.5 Stealth


You had 9 spell levels left.
You didn't know any spells.

Dungeon Overview and Level Annotations

Branches:
Dungeon (9/15)             Temple (0/1) D:7            Lair (0/8) D:8
    Orc: D:9-12

Altars:
Dithmenos
Fedhas
Kikubaaqudgha
Makhleb
Nemelex Xobeh
Qazlal
Ru
Sif Muna
Trog
Xom
Yredelemnul
Zin

Shops:
D:9 [}*


Innate Abilities, Weirdness & Mutations

You have large cloven feet.
A weak demonic guardian rushes to your aid.
You are completely covered in sharp spines.
You have a pair of small horns on your head.
Scrolls take you a little longer to read.
You possess an exceptional clarity of mind.
Your system is resistant to poisons.
You occasionally shout uncontrollably at your foes.
You evolve.


Message History

Found a scroll labeled PIAMAOMIJE.
Found 2 yellow potions.
You see here a metal-bound book.
J - a Fen Folio The deep elf mage casts a spell at you.
The shard of ice hits you!
* * * LOW HITPOINT WARNING * * *
The deep elf mage is struck by your spines.
The deep elf mage hits you with a long sword of flaming.
* * * LOW HITPOINT WARNING * * *
The deep elf mage burns you.
* * * LOW HITPOINT WARNING * * *
Unknown command.
You're too hungry to go berserk.
You barely miss the deep elf mage.
You kick the deep elf mage, but do no damage.
The deep elf mage is moderately wounded.
The deep elf mage gestures at you while chanting.
The shard of ice hits you!
You die...

#.# #?## #... #..#
#..# #..###!# ### ##.
#:5....# ...
#####..#### #.#
.≈≈....≈^###@# #
##≈...^#..##e#
#^#.^..^≈≈^.##.#
#.##^^..#§#.##.##
########
##^.^^...≈..^##..#
#......)
#......_......##.##
#.######
#....(...≈§...#.).#
##.#
#.≈≈§#^..###.).[#...#
#...##
..##§≈§.§§#.##...#.#
#.#..#


You could see a deep elf mage and a friendly white imp.

Vanquished Creatures
  Pikel (D:4)
  An ugly thing (D:9)
  The ghost of Rogan the Digger, a novice GrEE of Vehumet (D:5)
  The ghost of krfreak the Vexing, a novice VSEn (D:4)
  Grinder (D:5)
  A hippogriff (D:8)
  2 hungry ghosts
  An orc warrior (D:9)
  4 sky beasts
  A wasp (D:4)
  2 ogres
  A centaur (D:5)
  The ghost of lynzh the Cudgeler, an amateur TeBe of Trog (D:3)
  2 giant frogs
  9 wights
  A water moccasin zombie (D:8)
  2 scorpions (D:8)
  2 crimson imps (D:9)
  A giant frog zombie (D:6)
  3 hounds
  3 orc priests
  2 centaur skeletons
  3 giant frog skeletons
  6 orc wizards
  5 worker ants
  Natasha (thrice) (D:4)
  3 iguanas
  A hound zombie (D:7)
  14 adders
  8 gnolls
  A shadow imp (D:5)
  An adder skeleton (D:4)
  3 worms
  9 giant geckos
  24 orcs
  5 giant cockroaches
  2 gnoll zombies (D:2)
  10 goblins
  9 hobgoblins
  12 jackals
  5 quokkas
  2 ball pythons
  7 bats
  A giant gecko skeleton (D:4)
  2 giant newts (D:5)
  A jackal zombie (D:7)
  7 kobolds
  9 rats
196 creatures vanquished.

Vanquished Creatures (collateral kills)
  A troll (D:9)
  A scorpion (D:4)
  An orc (D:8)
  A ball python (D:5)
  A ball python skeleton (D:5)
5 creatures vanquished.

Grand Total: 201 creatures vanquished

Notes
Turn   | Place    | Note
--------------------------------------------------------------
     0 | D:1      | Rationalist the Demonspawn Berserker began the quest for the Orb.
     0 | D:1      | Reached XP level 1. HP: 18/18 MP: 1/1
   218 | D:1      | Gained mutation: You are partially covered in sharp spines. [demonic ancestry]
   218 | D:1      | Reached XP level 2. HP: 20/24 MP: 2/2
   555 | D:2      | Reached ** piety under Trog
   665 | D:2      | Reached XP level 3. HP: 24/29 MP: 3/3
   942 | D:2      | Found a deep blue altar of Sif Muna.
  1122 | D:2      | Found a basalt altar of Yredelemnul.
  1229 | D:3      | Gained mutation: You are mostly covered in sharp spines. [demonic ancestry]
  1229 | D:3      | Reached XP level 4. HP: 23/37 MP: 4/4
  1769 | D:3      | Found an ancient bone altar of Kikubaaqudgha.
  1774 | D:3      | Reached *** piety under Trog
  1846 | D:3      | Reached skill level 4 in Fighting
  1879 | D:3      | Reached skill level 1 in Stealth
  1879 | D:3      | Gained mutation: A weak demonic guardian rushes to your aid. [demonic ancestry]
  1879 | D:3      | Reached XP level 5. HP: 32/42 MP: 5/5
  1991 | D:3      | Noticed lynzh's ghost (amateur TeBe)
  2005 | D:3      | Killed lynzh's ghost
  2618 | D:4      | Reached XP level 6. HP: 25/49 MP: 6/6
  3200 | D:4      | Noticed krfreak's ghost (novice VSEn)
  3209 | D:4      | Killed krfreak's ghost
  3209 | D:4      | Reached skill level 5 in Dodging
  3209 | D:4      | Reached XP level 7. HP: 47/55 MP: 7/7
  3218 | D:4      | Noticed Natasha
  3234 | D:4      | Killed Natasha
  3611 | D:4      | Noticed Natasha
  3616 | D:4      | Killed Natasha
  3634 | D:4      | Noticed Natasha
  3641 | D:4      | Killed Natasha
  3841 | D:4      | Noticed a slave
  3843 | D:4      | Noticed Pikel
  3843 | D:4      | Noticed a slave
  3844 | D:4      | Noticed a slave
  3844 | D:4      | Noticed a slave
  3868 | D:4      | Killed Pikel
  3868 | D:4      | Reached **** piety under Trog
  3868 | D:4      | Reached skill level 5 in Fighting
  3868 | D:4      | Reached skill level 6 in Dodging
  3868 | D:4      | Gained mutation: You are completely covered in sharp spines. [demonic ancestry]
  3868 | D:4      | Reached XP level 8. HP: 55/62 MP: 8/8
  4065 | D:4      | Gained mutation: You possess an exceptional clarity of mind. [potion of mutation]
  4065 | D:4      | Gained mutation: Your system is resistant to poisons. [potion of mutation]
  4065 | D:4      | Gained mutation: You occasionally shout uncontrollably at your foes. [potion of mutation]
  4066 | D:4      | Gained mutation: You evolve. [potion of mutation]
  4066 | D:4      | Gained mutation: You have a pair of small horns on your head. [potion of mutation]
  4080 | D:5      | Entered Level 5 of the Dungeon
  4082 | D:5      | Noticed Rogan's ghost (novice GrEE)
  4090 | D:5      | Killed Rogan's ghost
  4090 | D:5      | Reached skill level 7 in Dodging
  4532 | D:5      | Found a glowing silver altar of Zin.
  4780 | D:5      | Found a sparkling altar of Nemelex Xobeh.
  4786 | D:5      | Found a shimmering altar of Xom.
  4801 | D:5      | Found a blossoming altar of Fedhas.
  4855 | D:5      | Gained mutation: Scrolls take you a little longer to read. [mutagenic meat]
  4865 | D:5      | Noticed Grinder
  4872 | D:5      | Killed Grinder
  4992 | D:5      | Reached skill level 8 in Dodging
  4992 | D:5      | Gained mutation: You have large cloven feet. [demonic ancestry]
  4992 | D:5      | Reached XP level 9. HP: 44/69 MP: 9/9
  5577 | D:6      | Found a burning altar of Makhleb.
  5800 | D:6      | Reached ***** piety under Trog
  5915 | D:7      | Found a staircase to the Ecumenical Temple.
  6536 | D:6      | You fall through a shaft for 2 floors!
  6538 | D:8      | Found a sacrificial altar of Ru.
  6545 | D:8      | Reached skill level 5 in Axes
  6892 | D:8      | Found a bloodstained altar of Trog.
  7011 | D:8      | Found a shadowy altar of Dithmenos.
  7153 | D:8      | Noticed a centaur skeleton
  7159 | D:8      | Killed a centaur skeleton
  7159 | D:8      | Reached skill level 9 in Dodging
  7247 | D:8      | Found a staircase to the Lair.
  7720 | D:9      | Reached skill level 5 in Stealth
  7733 | D:9      | Found Fop Wuve's Assorted Antiques.
  7753 | D:9      | Bought a scroll of enchant weapon for 180 gold pieces
  7753 | D:9      | Bought a potion of heal wounds for 120 gold pieces
  7779 | D:9      | Noticed a red ugly thing
  7796 | D:9      | Killed a red ugly thing
  7796 | D:9      | Reached XP level 10. HP: 44/79 MP: 10/10
  7900 | D:9      | Found Inuam's Gadget Emporium.
  7929 | D:9      | Found Baupn's Antique Armour Shop.
  7934 | D:9      | Reached skill level 10 in Dodging
  8184 | D:9      | Found a stormy altar of Qazlal.
  8223 | D:9      | Killed from afar by a deep elf mage

Action                   |  1- 3 |  4- 6 |  7- 9 | 10-12 || total
-------------------------+-------+-------+-------+-------++-------
Melee: Hand axe          |    83 |    55 |   193 |    37 ||   368
Invok: Trog's Hand       |       |     1 |       |       ||     1
       Berserk           |       |     1 |       |       ||     1
       Brothers in Arms  |       |       |     1 |     1 ||     2
  Use: Potion            |       |       |     9 |       ||     9
       Scroll            |       |       |    11 |       ||    11
 Stab: Sleeping          |     2 |       |     3 |     1 ||     6
       Distracted        |       |     1 |     3 |       ||     4
  Eat: Chunk             |     1 |     5 |    14 |     1 ||    21
       Fruit             |       |     1 |     2 |       ||     3
       Beef jerky        |       |     1 |     1 |       ||     2
